 Dungeon Crawl Stone Soup version 0.29-a0-824-gd827844252 (webtiles) character file.

Game seed: 9788525294149595565

27 gobodom the Chiller (level 2, -5/19 HPs)
             Began as a Demonspawn Ice Elementalist on July 9, 2022.
             Slain by a gnoll
             ... wielding a +0 halberd
              (12 damage)
             ... on level 2 of the Dungeon.
             The game lasted 00:03:22 (1050 turns).

gobodom the Chiller (Demonspawn Ice Elementalist)   Turns: 1050, Time: 00:03:23

Health: -5/19      AC:  7    Str:  8    XL:     2   Next: 93%
Magic:  3/5        EV: 12    Int: 16    God:
Gold:   68         SH:  0    Dex: 13    Spells: 4/5 levels left

rFire   . . .      SeeInvis .   g - staff of conjuration
rCold   . . .      Faith    .   (no shield)
rNeg    . . .      Spirit   .   a - +0 robe
rPois   .          Reflect  .   (helmet restricted)
rElec   .          Harm     .   (no cloak)
rCorr   .          Rampage  .   (no gloves)
Will    .....                   i - +0 pair of boots
Stlth   ++........              (no amulet)
HPRegen 0.06/turn               h - +4 ring of protection
MPRegen 0.09/turn               l - ring of wizardry

@: no status effects
A: horns 1
a: no special abilities


You were on level 2 of the Dungeon.
You visited 1 branch of the dungeon, and saw 2 of its levels.

You collected 68 gold pieces.

Inventory:

Armour
 a - a +0 robe (worn)
 i - a +0 pair of boots (worn)
Magical Staves
 g - a staff of conjuration (weapon)
Jewellery
 h - a +4 ring of protection (left hand)
 l - a ring of wizardry (right hand)
Scrolls
 c - a scroll of enchant weapon
 e - a scroll of brand weapon {unknown}
 f - a scroll of identify {unknown}
 j - a scroll of enchant armour {unknown}
Potions
 b - a potion of magic
 d - a potion of heal wounds {unknown}
 k - a potion of cancellation {unknown}


   Skills:
 + Level 1.8 Dodging
 + Level 1.8 Stealth
 + Level 2.2 Spellcasting
 * Level 0.1 Conjurations
 + Level 4.2 Ice Magic
 * Level 0.1 Evocations


You had 4 spell levels left.
You knew the following spells:

 Your Spells              Type           Power      Damage    Failure   Level
a - Freeze                Ice            60%        1d8       1%          1

Your spell library contained the following spells:

 Spells                   Type           Power      Damage    Failure   Level
 Frozen Ramparts          Ice            30%        1d5       4%          3
 Ozocubu's Armour         Ice            15%        N/A       4%          3
 Sandblast                Erth           2%         2d4       9%          1
 Passwall                 Tmut/Erth      0%         N/A       12%         2
 Stone Arrow              Conj/Erth      4%         3d7       24%         3
 Hailstorm                Conj/Ice       13%        3d5       32%         4


Dungeon Overview and Level Annotations

Branches:
Dungeon (2/15)

Altars:


Innate Abilities, Weirdness & Mutations

You have a pair of small horns on your head.


Message History

You freeze the hobgoblin.
The hobgoblin is severely wounded.
The hobgoblin barely misses you.
You freeze the hobgoblin.
The hobgoblin is almost dead.
The hobgoblin hits you but does no damage.
You freeze the hobgoblin!
You kill the hobgoblin!
Okay, then.
A gnoll comes into view. It is wielding a +0 halberd.
The gnoll shouts!
You hear a shout!
A gnoll comes into view. It is wielding a +0 spear.
The gnoll moves out of view.
A gnoll comes into view. It is wielding a +0 quarterstaff.
The gnoll shouts! x2; You hear a shout!
A gnoll comes into view. It is wielding a +0 halberd.
You hear an angry hiss.
An adder and a hobgoblin come into view.
The gnoll barely misses you.
The adder moves out of view.
You freeze the gnoll.
The gnoll is lightly wounded.
The gnoll hits you with a +0 halberd!
Ouch! That really hurt!
The gnoll hits you from afar with a +0 spear.
You are too injured to fight recklessly!
Casting: Freeze (safe; 1% risk of failure)
Confirm with . or Enter, or press ? or * to list all spells.
Aiming: Freeze (safe; 1% risk of failure)
Press: ? - help, Shift-Dir - straight line, f/p - gnoll
Aim: a gnoll, wielding a +0 halberd (lightly wounded)
You freeze the gnoll.
The gnoll is moderately wounded.
The gnoll completely misses you. The gnoll hits you but does no damage.
As you read the scroll labelled ZEISUSHI IVUGY, it crumbles to dust.
It is a scroll of enchant weapon.
You aren't carrying any weapons that can be enchanted.
An adder comes into view.
The gnoll hits you with a +0 halberd!
Ouch! That really hurt!
You die...

######## ###
#......#### ....
##.###....### ......
#..........##..g..S.
#######....@ggg.....
###..##gS..... ##.#
...... #######
#.###...... ##.....##
#..........
##.......#####..>.....
#.........# ##.#....).
#.........# #††###.#.#
#.........# #.## ...


You could see 4 gnolls, 2 adders and a hobgoblin.

Vanquished Creatures
  A worm (D:2)
  4 endoplasms (D:1)
  A goblin (D:1)
  2 hobgoblins
  4 kobolds (D:1)
  2 quokkas (D:1)
  3 ball pythons
  2 frilled lizards (D:1)
  3 rats (D:1)
22 creatures vanquished.

Notes
Turn   | Place    | Note
-------+----------+-------------------------------------------
     0 | D:1      | gobodom the Demonspawn Ice Elementalist began the quest for
                  | the Orb.
     0 | D:1      | Reached XP level 1. HP: 13/13 MP: 3/3
   341 | D:1      | Reached skill level 4 in Ice Magic
   341 | D:1      | Gained mutation: You have a pair of small horns on your
                  | head. [demonic ancestry]
   341 | D:1      | Reached XP level 2. HP: 19/19 MP: 3/5
   605 | D:1      | Found a faded altar of an unknown god.
  1050 | D:2      | Slain by a gnoll

Illustrated notes

Levels and vault maps discovered:
D:1:      nicolae_arrival_washed_ashore, layout_rooms,
          ebering_ecumenical_altar_petrified, nrook_mini_vaults
D:2:      minmay_evil_eye, layout_rooms

Skill      XL: |  1 |
---------------+----+-----
Ice Magic      | 4 |  4.2
Dodging        | |  1.8
Stealth        | |  1.8
Spellcasting   | |  2.2
Conjurations   | |  0.1
Evocations     | |  0.1

Action                   || total
-------------------------++-------
Melee: Unarmed           ||     7
       Staff             ||    16
       Headbutt          ||     3
       Punch             ||     1
 Cast: Freeze            ||    28
  Use: Scroll            ||     1
 Stab: Sleeping          ||     1
Armor: Robe              ||    13
Dodge: Dodged            ||    27

Table legend: (Time is in decaauts)
 A = Elapsed time spent in this place.
 B = Non-inter-level travel time spent in this place.
 C = Inter-level travel time spent in this place.
 D = Time resting spent in this place.
 E = Time spent auto-exploring this place.
 F = Levels seen in this place.
 G = Mean time per level.
                   A        B        C        D        E       F      G
               +--------+--------+--------+--------+--------+-----+--------+
         Total |   1052 |    986 |     66 |      0 |    810 |   2 |  526.0 |
       Dungeon |   1052 |    986 |     66 |      0 |    810 |   2 |  526.0 |
               +--------+--------+--------+--------+--------+-----+--------+

Top non-repeatable levels by time:
     D:1: 887 daAuts
     D:2: 164 daAuts
